 Dungeon Crawl Stone Soup version 0.20-a0-465-g6513c8f (webtiles) character file.

42 Amnesiac the Magician (level 3, -13/24 HPs)
             Began as a Mummy Enchanter on Jan 12, 2017.
             Killed by divine providence
             ... invoked by an orc priest
              (15 damage)
             ... on level 4 of the Dungeon.
             The game lasted 00:03:02 (1229 turns).

Amnesiac the Magician (Mummy Enchanter)             Turns: 1229, Time: 00:03:03

Health: -13/24     AC:  2    Str: 11    XL:     3   Next: 35%
Magic:  3/8        EV: 12    Int: 15    God:
Gold:   53         SH:  0    Dex: 12    Spells: 2/9 levels left

rFire  x . .     SeeInvis .     a - +1 dagger
rCold  + . .     Gourm    .     b - +0 robe
rNeg   + + +     Faith    .     (no shield)
rPois  ∞         Spirit   .     (no helmet)
rElec  .         Reflect  .     (no cloak)
rCorr  .         Harm     .     (no gloves)
MR     .....                    (no boots)
Stlth  ++........               (no amulet)
                                (no ring)
                                (no ring)

@: no status effects
A: no food or potions, fire vulnerability, cold resistance 1, negative energy
resistance 3, torment resistance, unbreathing
a: no special abilities


You were on level 4 of the Dungeon.
You were not hungry.

You visited 1 branch of the dungeon, and saw 5 of its levels.

You collected 53 gold pieces.

Inventory:

Hand Weapons
 a - a +1 dagger (weapon)
Armour
 b - a +0 robe (worn)
Scrolls
 d - a scroll of random uselessness {unknown}
 e - a scroll of immolation {unknown}
 f - a scroll of amnesia {unknown}
 g - a scroll of teleportation {unknown}
Books
 c - a book of Maledictions

   Spells                             Type                      Level
   a - Corona                         Hexes                        1
   b - Ensorcelled Hibernation        Hexes/Ice                    2
   c - Confuse                        Hexes                        3
   d - Tukima's Dance                 Hexes                        3
   e - Dazzling Spray                 Conjuration/Hexes            3


   Skills:
 - Level 0.7 Short Blades
 - Level 1.5 Dodging
 - Level 2.4 Stealth
 + Level 3.6 Spellcasting
 * Level 3.6 Hexes


You had 2 spell levels left.
You knew the following spells:

 Your Spells              Type           Power        Failure   Level  Hunger
e - Confuse               Hex            ##......     14%         3    N/A
f - Corona                Hex            ##.....      4%          1    N/A
w - Tukima's Dance        Hex            ##......     14%         3    N/A

Dungeon Overview and Level Annotations

Branches:
Dungeon (5/15)
 Temple: D:4-7

Altars:
Elyvilon

Shops:
D:4 !


Innate Abilities, Weirdness & Mutations

You do not eat or drink.
Your flesh is vulnerable to fire.
You are immune to poison.
Your flesh is cold resistant. (rC+)
You are immune to negative energy. (rN+++)
You are immune to unholy pain and torment.
You can survive without breathing.


Message History

The orc moves out of view.
The orc priest shouts!
There is a stone staircase leading down here.
Casting: Confuse
Confirm with . or Enter, or press ? or * to list all spells.
Aiming: Confuse
Press: ? - help, Shift-Dir - straight line, f/p - orc
Aim: an orc, wielding a short sword and wearing a chain mail (moderately wounded, chance to defeat MR: 62%)
The orc priest resists with some effort.
The orc priest hits you.
The orc priest looks encouraged for a moment.
The orc priest mumbles some strange prayers to Beogh against you.
Beogh smites you!
Ouch! That really hurt!
* * * LOW HITPOINT WARNING * * *
There is a stone staircase leading up here.
The orc priest calls down the wrath of Beogh upon you.
Beogh smites you!
Ouch! That really hurt!
You die...

##.#.#### #.# ....
........###># ..
#........# #.##o#####
.. #.##.# # #.##.##o#
.## #.##.##.#
...#.##.##.#
##.#.##.##@#
........##.# ####
#.##.##.#
##....#....##.#
...(.....#.##.#
##.#####.#.##.#######
#.#........... #
#.###.########
#.#####.# #.#


You could see an orc priest and an orc.

Vanquished Creatures
  An adder (D:3)
  An ooze (D:2)
  An orc (D:2)
  A ball python (D:3)
  6 giant cockroaches
  4 goblins (D:2)
  A hobgoblin (D:2)
  4 jackals (D:4)
  A frilled lizard (D:2)
  4 rats
24 creatures vanquished.

Notes
Turn   | Place    | Note
-------+----------+-------------------------------------------
     0 | D:1      | Amnesiac the Mummy Enchanter began the quest for the Orb.
     0 | D:1      | Reached XP level 1. HP: 13/13 MP: 4/4
   304 | D:2      | Reached XP level 2. HP: 19/19 MP: 4/6
   667 | D:3      | Found a white marble altar of Elyvilon.
   763 | D:4      | Reached XP level 3. HP: 9/24 MP: 4/7
   788 | D:4      | Learned a level 3 spell: Confuse
   792 | D:4      | Learned a level 3 spell: Tukima's Dance
  1014 | D:4      | Noticed a black bear
  1085 | D:5      | Entered Level 5 of the Dungeon
  1089 | D:4      | Found Epnouluc's Distillery.
  1229 | D:4      | Killed from afar by an orc priest

Vault maps used:
D:1:      dpeg_arrival_erosion
D:2:      marbit_many_paths, first_bread, chequers_ecumenical_altar_simple
D:3:      serial_bayou_lagoon_a, elyvilon_altar_1, uniq_jessica, uniq_grinder
D:4:      okawaru_trees_1, serial_shops, nicolae_shop_crystal,
          kennysheep_generic_room_16, uniq_crazy_yiuf_cottage
D:5:      lemuel_doored_altar, yredelemnul_altar_generic,
          nicolae_ashenzari_panopticon, grunt_temple_overflow_open, basic_altar,
          uniq_eustachio, uniq_menkaure, uniq_blork_the_orc

Skill      XL: |  1 |
---------------+----+-----
Spellcasting   | 3 |  3.6
Hexes          | 3 |  3.6
Short Blades   | |  0.7
Dodging        | |  1.5
Stealth        | |  2.4

Action                   || total
-------------------------++-------
Melee: Dagger            ||   102
 Cast: Corona            ||    25
       Confuse           ||     4
 Stab: Sleeping          ||     3
Armor: Robe              ||    24
Dodge: Dodged            ||    89
